 Dungeon Crawl Stone Soup version 0.28-a0-413-gde365fb1df (webtiles) character file.

Game seed: 5586308361650547446

770 robertstho the Chopper (level 7, -8/96 HPs)
             Began as a Minotaur Berserker on Sept 7, 2021.
             Was a Believer of Trog.
             Mangled by Duvessa (10 damage)
             ... on level 5 of the Dungeon.
             The game lasted 00:03:04 (4033 turns).

robertstho the Chopper (Minotaur Berserker)         Turns: 4033, Time: 00:03:05

Health: -8/96      AC:  0    Str: 22    XL:     7   Next: 53%
Magic:  6/6        EV: 14    Int:  5    God:    Trog [**....]
Gold:   215        SH:  5    Dex: 10    Spells: 6/6 levels left

rFire   . . .      SeeInvis .   (weapon currently unavailable)
rCold   . . .      Faith    .   (shield currently unavailable)
rNeg    . . .      Spirit   .   (armour currently unavailable)
rPois   .          Reflect  +   (helmet currently unavailable)
rElec   .          Harm     .   (cloak currently unavailable)
rCorr   .          Rampage  .   (gloves currently unavailable)
Will    .....                   (boots currently unavailable)
Stlth   ..........              s - amulet of reflection
HPRegen 0.26/turn               (ring currently unavailable)
MPRegen 0.10/turn               (ring currently unavailable)

@: berserking (expiring), pig-form, very quick
A: fast, no casting, small, (horns 2), (retaliatory headbutt)
a: Renounce Religion, Berserk, Trog's Hand


You were on level 5 of the Dungeon.
You worshipped Trog.
Trog was pleased with you.
You were a filthy swine.
You visited 1 branch of the dungeon, and saw 5 of its levels.
You also visited: Sewer.

You collected 215 gold pieces.

Inventory:

Hand Weapons
 a - a +0 hand axe (melded)
Missiles
 c - 2 throwing nets (quivered)
Armour
 g - a +0 cloak (melded)
 n - a +0 chain mail (melded)
Jewellery
 s - an amulet of reflection (around neck)
Wands
 r - a wand of flame (20)
Scrolls
 b - 2 scrolls of blinking
 h - a scroll of enchant armour
 j - a scroll of torment
 o - a scroll of teleportation {unknown}
 t - a scroll of fear
 u - a scroll of immolation {unknown}
Potions
 d - 2 potions of attraction
 e - a potion of resistance {unknown}
 f - 2 potions of brilliance {unknown}
 i - 3 potions of curing
 k - a potion of lignification {unknown}
 l - a potion of invisibility {unknown}
 m - 3 potions of degeneration {unknown}
 p - 2 potions of heal wounds {unknown}
 q - a potion of haste


   Skills:
 * Level 6.7 Fighting
 + Level 7.0 Axes
 * Level 5.6 Armour
 + Level 3.1 Dodging
 + Level 0.3 Shields


You had 6 spell levels left.
You didn't know any spells.
Your spell library was empty.

Dungeon Overview and Level Annotations

Branches:
Dungeon (5/15)             Temple (0/1) D:5           Sewer (visited)

Altars:
Dithmenos
Makhleb
Trog
Vehumet

Annotations:
D:5 Duvessa, Ijyb


Innate Abilities, Weirdness & Mutations

You are a filthy swine.
You move quickly.
Your equipment is almost entirely melded.
You are incapable of wielding weapons or throwing items.
You cannot cast spells.
((You have a pair of horns on your head.))
((You reflexively headbutt those who attack you in melee.))


Message History

Duvessa is moderately wounded.
Duvessa hits you with a +0 short sword!
You hit Duvessa but do no damage. Your headbutt misses Duvessa.
Duvessa is moderately wounded.
You block Duvessa's attack.
You barely miss Duvessa.
Duvessa is moderately wounded.
Duvessa hits you with a +0 short sword.
Ijyb zaps a wand.
You turn into a filthy swine.
Your +0 hand axe melds into your body.
Your +0 cloak melds into your body.
Your +0 chain mail melds into your body.
You hit Duvessa.
Duvessa is heavily wounded.
Duvessa hits you with a +0 short sword!!
You hit Duvessa.
Duvessa is heavily wounded.
Duvessa closely misses you.
Ijyb zaps a wand.
You resist with some effort.
You barely miss Duvessa.
Duvessa is heavily wounded.
Duvessa hits you with a +0 short sword!
You hit Duvessa.
Duvessa is heavily wounded.
Duvessa barely misses you.
You bite Duvessa!
Duvessa is almost dead.
Duvessa barely misses you.
You barely miss Duvessa.
Duvessa is almost dead.
Ijyb screams, "Level is mine!
All mine!"
Duvessa hits you with a +0 short sword!
You hit Duvessa but do no damage.
Duvessa is almost dead.
Duvessa hits you with a +0 short sword!!
* * * LOW HITPOINT WARNING * * *
You hit Duvessa.
Duvessa is almost dead.
Ijyb hits you with a +0 dagger!
* * * LOW HITPOINT WARNING * * *
Duvessa hits you with a +0 short sword!
You die...

##.#'###+#.
#####.....#
######...#.###.#
.........#.....#
########.'.._..+
###.....#
#.###.# #.e...#
#h###+#
.......g.......
...............
...............
###............
######.......
###.... ....


You could see Duvessa (berserk) and Ijyb.

Vanquished Creatures
  A water moccasin (Sewer)
  A necrophage (D:5)
  An ogre (D:4)
  2 phantoms (D:4)
  A scorpion (D:4)
  Dowan (D:5)
  A jelly (D:4)
  A hound (D:4)
  A bullfrog skeleton (D:4)
  4 gnolls (D:4)
  5 adders
  2 adder skeletons (D:4)
  A worm (D:3)
  3 dart slugs
  2 endoplasms
  6 giant cockroaches
  6 hobgoblins
  3 kobolds
  4 quokkas
  5 ball pythons
  10 bats
  5 frilled lizards
  2 goblins
  A rat (D:3)
69 creatures vanquished.

Vanquished Creatures (others)
  2 plants (D:5)
2 creatures vanquished.

Grand Total: 71 creatures vanquished

Notes
Turn   | Place    | Note
-------+----------+-------------------------------------------
     0 | D:1      | robertstho the Minotaur Berserker began the quest for the
                  | Orb.
     0 | D:1      | Reached XP level 1. HP: 19/19 MP: 0/0
   370 | D:1      | Found a faded altar of an unknown god.
   391 | D:1      | Reached XP level 2. HP: 21/27 MP: 1/1
   521 | D:1      | Reached skill level 4 in Axes
  1351 | D:2      | Reached XP level 3. HP: 33/34 MP: 2/2
  1459 | D:2      | Reached ** piety under Trog
  2354 | D:3      | Found a glowing drain.
  2358 | Sewer    | Entered a sewer
  2361 | Sewer    | Reached XP level 4. HP: 41/41 MP: 3/3
  2380 | Sewer    | Noticed a water moccasin
  2394 | Sewer    | Killed a water moccasin
  2395 | Sewer    | Reached skill level 5 in Fighting
  2395 | Sewer    | Reached skill level 5 in Axes
  2395 | Sewer    | Reached XP level 5. HP: 32/48 MP: 4/4
  2954 | D:4      | Noticed an ogre
  2960 | D:4      | Killed an ogre
  2961 | D:4      | Reached XP level 6. HP: 57/57 MP: 5/5
  3125 | D:4      | Reached skill level 6 in Axes
  3407 | D:4      | Reached XP level 7. HP: 60/64 MP: 6/6
  3410 | D:4      | Reached skill level 5 in Armour
  3436 | D:4      | Found a bloodstained altar of Trog.
  3436 | D:4      | Found a radiant altar of Vehumet.
  3436 | D:4      | Found a burning altar of Makhleb.
  3855 | D:5      | Entered Level 5 of the Dungeon
  3967 | D:5      | Found a staircase to the Ecumenical Temple.
  4005 | D:5      | Found a shadowy altar of Dithmenos.
  4018 | D:5      | Noticed Duvessa
  4018 | D:5      | Noticed Dowan
  4020 | D:5      | Noticed Ijyb
  4022 | D:5      | Killed Dowan
  4023 | D:5      | Reached skill level 7 in Axes
  4033 | D:5      | HP: 2/96 [Ijyb (7)]
  4033 | D:5      | Mangled by Duvessa

Illustrated notes

Levels and vault maps discovered:
D:1:      elethiomel_arrival_quiet, layout_loops_corners, basic_ecumenical_altar
D:2:      kennysheep_six_static_rooms, layout_rooms, serial_aquarium,
          aquarium_bridge_island_small [aquarium_subvault_small_open,
          aquarium_subvault_bridge, aquarium_subvault_bridge,
          aquarium_subvault_wall, aquarium_subvault_balcony],
          aquarium_bridge_straight [aquarium_subvault_bridge,
          aquarium_subvault_wall, aquarium_subvault_bridge,
          aquarium_subvault_window], aquarium_window_1, aquarium_window_corner,
          aquarium_window_1, aquarium_window_fake, aquarium_view_2a,
          aquarium_view_2b
D:3:      layout_rooms, gup_sewer_entry_bowl
D:4:      layout_basic, gammafunk_temple_overflow_claw
D:5:      layout_cave_pods, mainiacjoe_overflow_six_doors_small,
          minmay_temple_entry_gardened_gates, st_stairs_9, uniq_ijyb,
          uniq_duvessa

Skill      XL: |  1  2  3  4  5  6  7 |
---------------+----------------------+-----
Fighting       | 4 5 6 |  6.7
Axes           | 4 5 6 7 |  7.0
Armour         | 3 4 5 |  5.6
Dodging        | 3 |  3.1
Shields        | |  0.3

Action                   |  1- 3 |  4- 6 |  7- 9 || total
-------------------------+-------+-------+-------++-------
Melee: Hand axe          |    82 |    58 |    41 ||   181
       Headbutt          |    12 |     8 |    11 ||    31
       Unarmed           |       |       |     8 ||     8
Invok: Berserk           |       |     2 |     1 ||     3
       Trog's Hand       |       |     1 |       ||     1
  Use: Scroll            |     2 |     1 |     3 ||     6
       Potion            |       |     1 |       ||     1
 Stab: Sleeping          |     1 |       |       ||     1
Armor: Animal skin       |     8 |       |       ||     8
       Chain mail        |    14 |    29 |    15 ||    58
Dodge: Dodged            |    34 |    22 |    17 ||    73
Block: Other             |       |     1 |     8 ||     9

Table legend: (Time is in decaauts)
 A = Elapsed time spent in this place.
 B = Non-inter-level travel time spent in this place.
 C = Inter-level travel time spent in this place.
 D = Time resting spent in this place.
 E = Time spent auto-exploring this place.
 F = Levels seen in this place.
 G = Mean time per level.
                   A        B        C        D        E       F      G
               +--------+--------+--------+--------+--------+-----+--------+
         Total |   4062 |   3881 |    181 |     28 |   3327 |   6 |  677.0 |
       Dungeon |   3852 |   3671 |    181 |      0 |   3230 |   5 |  770.4 |
         Sewer |    210 |    210 |      0 |     28 |     97 |   1 |  210.0 |
               +--------+--------+--------+--------+--------+-----+--------+

Top non-repeatable levels by time:
     D:1: 1091 daAuts
     D:4: 966 daAuts
     D:2: 900 daAuts
     D:3: 721 daAuts
   Sewer: 210 daAuts
     D:5: 172 daAuts
